Map: Pendiente de Agustín EE

Players

Farmageddon

  • Race: Terran Terran
  • Spawn Location: 5:00

Hobbit

  • Race: Terran Terran
  • Spawn Location: 6:00

Dave

  • Race: Terran Terran
  • Spawn Location: 6:00

MrFercho

  • Race: Zerg Zerg
  • League: Silver
  • Spawn Location: 12:00

TATORREA

  • Race: Protoss Protoss
  • League: Silver
  • Spawn Location: 11:00

tigro

  • Race: Terran Terran
  • Spawn Location: 12:00

VOD

Have the link to the VOD?

Description

Time

  • Played on: May 15, 2020, 8:50 p.m.
  • Length: 18:34
Show
View Real Time Build Order
Export as new Build Order

Farmageddon Terran 

Build Orders:  

Get SALT Encoding   

  12  0:01  SCV  
  13  0:13  SCV  
  14  0:18  Supply Depot  
  14  0:25  SCV  
  15  0:39  SCV  
  16  0:43  Barracks  
  16  0:48  Refinery  
  16  0:51  SCV  
  17  1:04  Barracks, SCV  
  18  1:16  SCV  
  18  1:18  Refinery  
  19  1:33  Reaper  
  19  1:36  Orbital Command  
  19  1:39  Supply Depot  
  20  1:53  Reaper  
  21  2:02  SCV  
  21  2:05  Reaper  
  23  2:16  Factory  
  23  2:17  SCV  
  24  2:25  Reaper  
  26  2:30  SCV  
  26  2:42  SCV  
  27  2:50  Reaper  
  28  2:54  SCV  
  28  2:57  Supply Depot, Reaper  
  30  3:07  Command Center  
  28  3:54  Marine  
  28  3:55  Marine  
  30  4:12  Marine x2  
  32  4:29  Factory Tech Lab  
  32  4:30  Marine x2  
  32  4:48  Marine  
  32  4:59  Barracks Tech Lab, Siege Tank  
  34  5:04  Orbital Command  
  34  5:06  SCV  
  35  5:08  Refinery  
  35  5:18  SCV  
  35  5:21  Marine x2  
  36  5:23  Stimpack  
  36  5:28  Supply Depot x2  
  38  5:30  SCV x2  
  38  5:32  Siege Tank  
  43  5:38  Engineering Bay  
  43  5:39  Marine x2  
  43  5:42  SCV  
  46  5:51  Starport  
  46  5:54  SCV  
  46  5:57  Marine x2  
  47  5:59  Command Center  
  47  6:04  Siege Tank  
  52  6:09  Refinery  
  52  6:13  SCV  
  52  6:14  Marine, SCV  
  52  6:15  Marine  
  56  6:24  Terran Infantry Weapons Level 1  
  56  6:25  SCV  
  57  6:26  SCV  
  57  6:27  Armory  
  57  6:28  Medivac  
  57  6:32  Marine  
  60  6:33  Marine  
  60  6:37  SCV  
  60  6:38  SCV  
  64  6:43  Missile Turret  
  64  6:44  Missile Turret  
  64  6:45  Missile Turret  
  64  6:49  SCV  
  64  6:50  Marine x2, SCV  
  64  6:52  Missile Turret  
  68  6:58  Medivac  
  70  7:03  Combat Shield  
  70  7:10  Marine x2  
  70  7:11  Siege Tank, SCV x2  
  77  7:23  SCV  
  78  7:36  Orbital Command  
  78  7:39  Marine x2  
  78  7:42  Missile Turret x3  
  80  7:44  Siege Tank  
  80  7:47  Missile Turret  
  83  7:57  Marine x2  
  85  8:18  Terran Infantry Armor Level 1  
  85  8:48  Marine  
  85  9:06  Marine  
  85  9:10  Marine, SCV x3  
  80  9:22  SCV x3  
  83  9:24  Marine  
  83  9:27  Marine  
  85  9:35  SCV x2  
  84  9:42  Marine  
  85  9:45  Orbital Command  
  85  10:03  Terran Vehicle Weapons Level 1, Refinery  
  85  10:04  Refinery  
  85  10:21  Command Center  
  85  10:23  Terran Infantry Weapons Level 2  
  85  10:28  Armory  
  85  10:41  Missile Turret  
  85  10:43  Missile Turret  
  85  10:45  Missile Turret  
  85  10:49  Missile Turret  
  85  10:50  Missile Turret  
  85  11:00  Supply Depot  
  85  11:02  Supply Depot  
  85  11:04  Missile Turret  
  85  11:05  Starport Reactor  
  85  11:07  Supply Depot x2  
  85  11:14  Marine x2, SCV, Siege Tank  
  85  11:17  Terran Ship Weapons Level 1  
  91  11:26  SCV  
  91  11:27  Starport  
  91  11:31  Marine x2  
  94  11:38  SCV  
  95  11:46  Siege Tank  
  98  11:49  Marine x2  
  98  11:50  SCV  
  101  11:57  Terran Vehicle And Ship Armor Level 1  
  101  12:07  Marine  
  101  12:13  Marine  
  102  12:17  Medivac  
  102  12:18  Medivac x2, Siege Tank  
  111  12:25  Marine  
  112  12:31  Marine  
  113  12:39  Terran Infantry Armor Level 2  
  113  12:43  Marine  
  112  12:47  Medivac  
  112  12:49  Marine  
  95  13:00  Marine  
  93  13:07  Viking x2, Marine  
  89  13:17  Viking  
  89  13:18  Marine  
  90  13:25  Marine  
  83  13:36  Marine  
  83  13:37  Viking x2  
  83  13:40  Siege Tank  
  91  13:42  Marine  
  92  13:54  Marine  
  93  14:00  Marine  
  94  14:08  Viking x3  
  100  14:12  Marine, Siege Tank  
  100  14:18  Marine  
  99  14:29  Marine  
  99  14:36  Marine  
  99  14:37  Viking  
  99  14:38  Viking x2  
  106  14:44  Siege Tank  
  109  14:47  Marine  
  108  14:54  Marine  
  107  15:05  Marine  
  108  15:12  Marine  
  105  15:16  Siege Tank  
  108  15:23  Marine  
  105  15:29  Marine  
  102  15:41  Viking x3, Marine  
  106  15:47  Marine  
  106  15:48  Siege Tank  
  110  15:59  Marine  
  110  16:04  Orbital Command  
  111  16:05  Marine  
  111  16:11  Viking  
  114  16:16  Marine  
  115  16:20  Siege Tank  
  115  16:23  Marine  
  119  16:34  Marine  
  119  16:39  Starport Reactor  
  120  16:41  Marine  
  121  16:52  Marine  
  122  16:58  Marine  
  123  17:10  Marine  
  124  17:16  Marine  
  124  17:19  SCV  
  126  17:28  Marine  
  123  17:31  SCV  
  123  17:33  Command Center  
  123  17:34  Marine  
  125  17:43  SCV  
  121  17:45  Marine  
  121  17:51  Refinery  
  122  17:52  Marine, Refinery  
  122  17:56  SCV  
  124  18:03  Marine  
  125  18:08  SCV  
  125  18:10  Marine  
  125  18:12  Supply Depot  
  127  18:13  Supply Depot x4  
  127  18:14  Supply Depot x2  
  127  18:17  Supply Depot x2  
  127  18:18  Supply Depot  
  127  18:19  Supply Depot  
Show
View Real Time Build Order
Export as new Build Order

Hobbit Terran 

Build Orders:  

Get SALT Encoding   

  12  0:01  SCV  
  13  0:20  Supply Depot  
  13  0:21  SCV  
  14  0:33  SCV  
  15  0:45  SCV  
  15  0:47  Barracks  
  16  0:58  SCV  
  16  0:59  Refinery  
  17  1:10  SCV  
  18  1:22  SCV  
  19  1:34  SCV  
  20  1:46  Marine  
  21  1:48  Supply Depot, Command Center  
  21  1:59  SCV  
  22  2:04  Marine  
  23  2:16  SCV  
  23  2:20  Barracks  
  23  2:22  Marine  
  25  2:28  SCV  
  26  2:40  Marine, SCV  
  28  2:52  SCV  
  28  2:58  Marine  
  30  3:05  SCV  
  31  3:12  Engineering Bay  
  31  3:14  Barracks Reactor, Factory  
  31  3:15  Marine  
  31  3:17  Orbital Command  
  32  3:21  SCV  
  33  3:33  Marine, SCV  
  35  3:45  SCV  
  35  3:46  Missile Turret  
  36  3:51  Marine  
  37  3:57  SCV x2  
  37  4:00  Factory Tech Lab  
  39  4:03  Factory  
  39  4:09  SCV x2  
  41  4:20  Barracks Tech Lab  
  41  4:21  SCV  
  42  4:26  Siege Tank  
  42  4:29  Marine  
  46  4:38  Missile Turret  
  46  4:42  Supply Depot  
  46  4:43  Refinery  
  46  4:48  Factory Tech Lab  
  46  4:49  Supply Depot  
  46  5:04  Marine  
  47  5:08  Refinery  
  47  5:09  SCV  
  47  5:12  Supply Depot  
  48  5:21  SCV  
  49  5:33  SCV  
  50  5:43  Marine x3  
  50  5:45  SCV  
  54  5:51  Supply Depot  
  54  5:52  SCV  
  55  5:58  SCV  
  55  6:01  Marine  
  57  6:04  SCV  
  57  6:08  Missile Turret  
  57  6:10  Supply Depot, SCV  
  59  6:14  Barracks Tech Lab  
  59  6:16  Marine  
  60  6:19  Marine  
  60  6:22  SCV  
  60  6:23  Siege Tank x2  
  68  6:29  Missile Turret  
  68  6:34  Marine, Hi-Sec Auto Tracking, SCV  
  68  6:35  Missile Turret  
  68  6:36  Marine  
  68  6:37  Supply Depot  
  71  6:40  Supply Depot  
  71  6:46  SCV  
  72  6:51  Missile Turret  
  72  6:52  Marauder  
  74  6:58  SCV  
  75  7:01  Starport  
  75  7:05  Missile Turret  
  75  7:10  Armory, SCV  
  75  7:14  Marauder  
  78  7:27  Missile Turret  
  78  7:29  Refinery  
  78  7:35  Marauder  
  80  7:39  Missile Turret  
  80  7:47  Starport Tech Lab  
  80  7:49  Starport  
  80  7:50  Missile Turret  
  80  7:54  Neosteel Armor  
  80  7:56  Marauder  
  82  8:01  Cyclone x2  
  88  8:18  Marauder  
  90  8:23  Armory  
  90  8:33  Cyclone  
  93  8:36  Command Center  
  93  8:41  Missile Turret  
  93  8:51  Marine x3  
  96  8:59  Combat Shield  
  96  9:08  Marine  
  96  9:09  Marine x2  
  99  9:20  Starport, Engineering Bay, Starport Tech Lab  
  99  9:26  Marine  
  99  9:30  Missile Turret  
  100  9:34  Terran Infantry Weapons Level 1  
  100  9:37  Fusion Core  
  100  9:38  Terran Ship Weapons Level 1  
  100  9:39  Terran Vehicle Weapons Level 1  
  100  9:50  Orbital Command  
  100  9:54  SCV x2  
  102  10:01  Siege Tank x2  
  102  10:06  Terran Infantry Armor Level 1, SCV x2  
  110  10:18  SCV x2  
  112  10:21  Armory  
  112  10:25  SCV  
  113  10:28  Refinery  
  113  10:30  SCV x2  
  113  10:33  Missile Turret x2  
  113  10:34  Starport Tech Lab  
  115  10:37  Starport, SCV  
  116  10:49  SCV  
  117  11:01  Refinery  
  117  11:12  Supply Depot  
  117  11:14  Supply Depot, Starport  
  117  11:20  Supply Depot  
  117  11:26  Starport Tech Lab  
  117  11:34  Battlecruiser, SCV  
  117  11:35  Battlecruiser  
  133  11:40  Battlecruiser  
  133  11:46  SCV  
  89  12:14  Marine  
  89  12:15  Marine x2  
  90  12:32  Marine x3  
  90  12:35  Missile Turret  
  93  12:47  Starport Tech Lab  
  93  12:49  Battlecruiser  
  93  12:50  Marine x3, Battlecruiser x2  
  114  12:55  Supply Depot  
  114  12:56  Supply Depot  
  114  12:58  Terran Vehicle And Ship Armor Level 1  
  114  13:02  Terran Vehicle Weapons Level 2  
  114  13:07  Supply Depot  
  114  13:08  Marine x3  
  117  13:13  Siege Tank  
  120  13:26  Marine  
  121  13:31  Supply Depot  
  121  13:36  Supply Depot  
  121  13:40  Terran Ship Weapons Level 2  
  121  13:44  Supply Depot  
  121  14:11  Marine x3  
  124  14:21  Siege Tank x2  
  130  14:29  Marine x3  
  133  14:47  Marine x3  
  142  14:53  Battlecruiser x3  
  154  15:01  Terran Vehicle And Ship Armor Level 2  
  154  15:04  Supply Depot  
  154  15:05  Marine  
  155  15:14  Supply Depot  
  141  16:55  Battlecruiser x3  
  141  16:56  Battlecruiser x2  
Show
View Real Time Build Order
Export as new Build Order

Dave Terran 

Build Orders:  

Get SALT Encoding   

  12  0:01  SCV  
  13  0:17  SCV  
  13  0:20  Supply Depot  
  14  0:29  SCV  
  15  0:44  Barracks  
  15  0:51  SCV  
  16  1:09  SCV  
  17  1:31  SCV  
  18  1:34  Refinery  
  18  1:58  Orbital Command  
  18  2:22  Barracks  
  18  2:25  Refinery  
  18  2:26  SCV  
  19  2:54  SCV  
  19  3:06  SCV  
  19  3:12  Command Center  
  20  3:14  Barracks Tech Lab  
  20  3:18  SCV  
  21  3:21  Factory  
  21  3:30  Supply Depot  
  21  3:31  Barracks Reactor  
  21  3:38  Stimpack  
  21  3:43  Marine  
  22  4:01  Marine  
  23  4:07  Factory Tech Lab  
  23  4:09  Factory Reactor  
  23  4:17  SCV  
  23  4:18  Starport  
  23  4:19  Marine  
  25  4:25  Supply Depot, Orbital Command  
  25  4:29  SCV  
  26  4:32  Engineering Bay  
  26  4:37  Marine  
  27  4:39  Marine x2  
  29  4:46  Supply Depot, SCV  
  30  4:53  SCV  
  30  4:54  Marine  
  30  4:57  Marine  
  30  4:58  SCV  
  34  5:05  SCV  
  35  5:08  Marine  
  35  5:10  SCV  
  35  5:12  Marine, Factory Tech Lab  
  38  5:15  Marine  
  38  5:17  SCV  
  40  5:22  SCV  
  40  5:24  Supply Depot  
  41  5:29  SCV  
  41  5:31  Missile Turret  
  41  5:34  SCV  
  43  5:35  Missile Turret  
  43  5:41  SCV  
  44  5:43  Marine x3  
  44  5:46  SCV  
  44  5:47  Supply Depot  
  48  5:51  Missile Turret  
  48  5:52  Medivac x2  
  52  5:58  Missile Turret  
  52  6:00  SCV x2  
  54  6:11  Marine x2  
  54  6:12  Marine  
  54  6:13  Supply Depot  
  54  6:14  Missile Turret  
  54  6:15  Siege Tank  
  60  6:29  Marine x2  
  62  6:36  Supply Depot, Missile Turret  
  62  6:48  SCV x2  
  62  6:53  Refinery  
  64  7:00  Factory, SCV x2  
  66  7:06  Starport  
  66  7:14  SCV  
  66  7:15  SCV  
  68  7:21  Terran Infantry Weapons Level 1  
  68  7:27  SCV x2  
  64  8:10  SCV x2  
  66  8:16  Refinery  
  66  8:22  SCV x2  
  66  8:25  Starport Reactor  
  68  8:28  Viking x2  
  68  8:30  Factory Tech Lab  
  72  8:34  Armory, SCV  
  72  8:35  Marine x2  
  72  8:36  Marine  
  76  8:53  Marine x3  
  79  8:58  Viking x2  
  83  9:04  SCV x2  
  83  9:05  Barracks  
  83  9:08  Barracks  
  83  9:09  Barracks  
  85  9:11  Marine x3  
  85  9:14  Siege Tank x2  
  85  9:16  Terran Infantry Armor Level 1  
  94  9:22  Supply Depot  
  94  9:24  Supply Depot  
  94  9:43  Viking, Medivac, Marine x3, SCV  
  102  9:46  Medivac x2, Siege Tank, SCV  
  102  9:51  Supply Depot  
  110  10:13  Marine x3, Siege Tank, SCV x2  
  118  10:15  Command Center  
  118  10:22  Barracks Reactor  
  118  10:23  Barracks Reactor, Barracks Tech Lab  
  118  10:25  Combat Shield  
  118  10:36  Refinery  
  118  10:41  Supply Depot  
  118  10:43  Supply Depot  
  118  10:48  Supply Depot  
  118  11:03  Siege Tank x2, SCV x2  
  126  11:05  Medivac, Marine x3  
  131  11:11  Supply Depot  
  131  11:15  Supply Depot, SCV x2  
  131  11:17  Refinery  
  133  11:27  SCV x2  
  133  11:29  Orbital Command  
  135  11:34  Supply Depot  
  135  11:35  Siege Tank x2  
  135  11:38  Supply Depot  
  135  11:39  SCV x2  
  143  11:41  Viking x4  
  151  11:51  SCV  
  152  11:57  Supply Depot  
  152  12:01  Supply Depot  
  152  12:07  Siege Tank  
  155  12:08  Siege Tank  
  158  12:19  Supply Depot  
  158  12:25  Supply Depot  
  158  12:39  Siege Tank  
  158  12:42  Viking x4  
  169  12:48  Marine x3  
  169  12:49  Marauder x2, Supply Depot, Marine x3  
  179  12:59  Siege Tank  
  182  13:06  Marine  
  182  13:07  Marine x2  
  182  13:08  Marine  
  182  13:10  Marauder  
  188  13:13  Viking  
  188  13:14  Viking x3  
  188  13:17  Terran Vehicle Weapons Level 1  
  196  13:22  Armory  
  184  14:11  Marine x6  
  184  14:12  Marauder x2  
  191  14:28  Marine  
  191  14:29  Marine  
  187  14:34  Siege Tank x2  
  193  15:06  Siege Tank x2  
  177  15:38  Siege Tank  
  177  15:44  Marine x4  
  177  15:45  Marine  
  177  15:46  Viking x4  
  181  15:58  Widow Mine  
  183  16:11  Widow Mine  
  185  16:19  Widow Mine  
  185  16:22  Viking x4  
  195  16:32  Widow Mine  
  197  16:41  Widow Mine  
Show
View Real Time Build Order
Export as new Build Order

MrFercho Zerg 

Build Orders: Pool First 

Get SALT Encoding   

  12  0:03  Drone  
  13  0:17  Drone  
  14  0:23  Overlord  
  14  0:29  Extractor  
  14  0:30  Drone  
  14  0:32  Extractor, Drone  
  14  0:41  Drone  
  15  1:04  Drone x2  
  17  1:21  Drone  
  18  1:31  Spawning Pool  
  18  1:32  Drone x2  
  19  1:34  Hatchery  
  18  1:44  Overlord  
  18  2:03  Drone  
  18  2:04  Drone  
  20  2:17  Drone  
  21  2:26  Drone  
  21  2:29  Metabolic Boost  
  22  2:50  Zergling x4  
  24  2:52  Zergling x2  
  25  3:18  Queen  
  24  3:37  Drone x6  
  28  3:54  Drone  
  28  3:55  Drone  
  30  3:56  Lair  
  21  4:28  Baneling Nest  
  20  4:36  Drone x6  
  26  4:46  Roach Warren  
  25  4:57  Queen  
  27  5:07  Drone x2  
  27  5:10  Extractor  
  28  5:15  Extractor  
  27  5:21  Spire  
  27  5:23  Drone x3  
  27  5:24  Drone x2  
  31  5:46  Drone x2  
  31  5:47  Drone x3  
  36  6:15  Spire  
  35  6:22  Drone  
  35  6:25  Overlord x4  
  36  6:36  Hatchery  
  35  6:56  Mutalisk  
  35  6:57  Mutalisk x6  
  28  8:18  Drone x3  
  31  8:23  Drone x3  
  34  8:27  Drone x3  
  31  9:20  Hatchery  
  31  9:22  Hatchery  
  27  9:27  Hatchery  
  27  9:30  Drone x3  
  29  9:33  Drone x2  
  29  9:34  Drone x4  
  35  9:58  Spine Crawler  
  34  10:02  Spine Crawler  
  34  10:05  Spine Crawler  
  34  10:06  Drone x2  
  34  10:15  Hatchery  
  34  10:20  Hatchery  
  32  10:26  Hatchery  
  31  10:30  Drone x4  
  31  10:31  Drone x3  
  38  10:46  Drone x3  
  41  10:52  Zerg Flyer Armor Level 1, Zerg Flyer Weapons Level 1  
  41  11:19  Mutalisk  
  41  11:20  Mutalisk x6  
  41  11:21  Mutalisk  
  57  11:34  Drone x5  
  62  11:51  Drone  
  48  12:37  Zergling x14  
  48  12:38  Zergling x28  
  68  12:51  Mutalisk x6  
  80  13:13  Baneling x4  
  80  13:14  Baneling x21  
  80  13:15  Baneling  
  80  13:16  Baneling  
  80  13:17  Baneling  
  80  13:34  Hatchery  
  79  13:46  Centrifical Hooks  
  74  13:50  Zerg Flyer Weapons Level 2  
  46  14:41  Zergling x12  
  52  14:50  Mutalisk  
  52  14:51  Mutalisk x11  
  47  15:57  Zergling x16  
  47  15:58  Zergling x26  
  67  16:05  Drone  
  67  16:06  Drone x2  
  49  16:34  Mutalisk x2  
  49  16:35  Mutalisk x3  
  46  17:18  Mutalisk x7  
  46  17:19  Mutalisk  
Show
View Real Time Build Order
Export as new Build Order

TATORREA Protoss 

Build Orders:  

Get SALT Encoding   

  12  0:02  Probe  
  13  0:32  Probe  
  14  0:38  Pylon  
  14  0:44  Probe  
  15  0:56  Probe  
  16  1:08  Probe  
  17  1:27  Probe  
  18  1:46  Gateway  
  18  1:47  Gateway  
  18  1:50  Forge  
  18  1:53  Assimilator  
  18  1:57  Pylon  
  18  1:59  Probe  
  19  2:06  Nexus  
  18  2:15  Probe  
  19  2:26  Assimilator  
  19  2:28  Probe  
  20  2:40  Probe  
  21  2:52  Probe  
  22  3:06  Probe  
  22  3:09  Zealot x2  
  22  3:12  Protoss Ground Weapons Level 1  
  27  3:18  Probe  
  28  3:30  Probe x2  
  30  3:43  Probe  
  30  3:45  Cybernetics Core  
  31  3:49  Probe  
  31  3:55  Probe, Zealot  
  35  4:06  Probe  
  35  4:07  Probe  
  37  4:19  Probe  
  37  4:20  Probe  
  39  4:28  Stalker x2  
  39  4:29  Warp Gate  
  43  4:32  Probe x2  
  45  4:50  Pylon  
  44  5:09  Probe  
  45  5:16  Stargate  
  45  5:18  Robotics Facility  
  45  5:20  Twilight Council  
  45  5:23  Pylon  
  45  5:27  Pylon  
  45  5:30  Pylon  
  45  5:34  Pylon  
  45  5:40  Pylon  
  43  5:43  Pylon  
  43  5:47  Probe x2  
  43  5:48  Pylon  
  45  5:52  Assimilator  
  45  5:54  Assimilator, Pylon  
  45  5:57  Stalker, Pylon  
  45  5:58  Stalker  
  45  5:59  Pylon, Probe x2  
  45  6:02  Oracle  
  54  6:08  Pylon  
  54  6:10  Pylon  
  54  6:20  Immortal  
  58  6:32  Charge  
  58  6:34  Protoss Ground Weapons Level 2  
  58  7:03  Probe  
  58  7:04  Probe  
  58  7:07  Nexus  
  60  7:13  Void Ray  
  60  7:14  Assimilator  
  64  7:16  Assimilator, Probe x2  
  66  7:28  Probe x2  
  68  7:40  Probe x2  
  67  7:48  Stalker x2  
  71  8:12  Stalker  
  73  8:13  Stalker  
  75  8:21  Robotics Bay  
  75  8:23  Fleet Beacon  
  75  8:27  Stargate  
  75  8:36  Gateway  
  75  8:38  Gateway  
  75  8:41  Gateway  
  75  8:44  Gateway  
  75  8:46  Gateway  
  75  8:49  Gateway  
  75  8:52  Gateway  
  73  8:55  Gateway  
  73  9:07  Pylon  
  71  9:10  Pylon  
  71  9:14  Pylon  
  71  9:17  Pylon  
  71  9:21  Pylon  
  71  9:24  Pylon  
  71  9:27  Pylon  
  71  9:33  Pylon  
  67  9:53  Stalker  
  67  9:54  Stalker x4  
  67  9:55  Stalker x2  
  67  9:56  Stalker x3  
  87  10:00  Void Ray x2  
  87  10:06  Protoss Ground Weapons Level 3  
  95  10:18  Protoss Air Weapons Level 1  
  95  10:25  Probe  
  96  10:33  Colossus  
  102  10:37  Probe  
  102  10:40  Unknown  
  103  10:49  Extended Thermal Lance  
  103  10:55  Zealot x3  
  109  10:58  Zealot  
  111  11:11  Stalker  
  111  11:12  Stalker x2  
  111  11:13  Stalker  
  109  11:27  Immortal  
  83  12:06  Immortal  
  63  12:23  Tempest x2  
  73  12:37  Zealot x2  
  73  12:38  Zealot x3  
  73  12:39  Zealot x3  
  73  12:43  Zealot  
  75  12:44  Zealot x2  
  69  13:04  Protoss Ground Armor Level 1  
  69  13:06  Tempest x2  
  69  13:24  Stalker  
  69  13:25  Stalker x2  
  69  13:26  Stalker x2  
  74  13:29  Stalker x2  
  74  13:30  Stalker x2  
  74  13:31  Stalker  
  84  13:49  Tempest x2  
  94  14:08  Protoss Air Weapons Level 2 (Chrono Boost)  
  64  14:28  Stalker x2  
  64  14:29  Stalker x4  
  64  14:30  Stalker  
  73  14:32  Tempest x2  
  73  14:34  Stalker x2  
  73  14:35  Stalker  
  89  15:03  Stalker x3  
  89  15:04  Stalker x2  
  89  15:05  Stalker x2  
  103  15:14  Tempest  
  64  15:47  Void Ray  
  58  15:57  Void Ray  
  62  16:06  Photon Cannon  
  62  16:08  Photon Cannon  
  62  16:10  Photon Cannon  
  19  17:41  Nexus  
  19  17:43  Assimilator  
  19  17:45  Assimilator  
  19  18:08  Pylon  
  19  18:09  Pylon  
  19  18:12  Pylon x2  
  19  18:16  Pylon  
  19  18:18  Pylon  
  19  18:19  Pylon  
  19  18:23  Pylon  
  19  18:30  Pylon  
  19  18:32  Pylon  
Show
View Real Time Build Order
Export as new Build Order

tigro Terran 

Build Orders:  

Get SALT Encoding   

  12  0:04  SCV  
  13  0:16  SCV  
  14  0:22  Supply Depot  
  14  0:28  SCV  
  15  0:30  Refinery  
  15  0:44  SCV  
  16  0:55  Barracks  
  16  0:56  SCV  
  17  1:08  SCV  
  18  1:15  Refinery  
  18  1:20  SCV  
  18  1:21  Supply Depot  
  19  1:32  SCV  
  20  1:47  Marine  
  21  1:58  Barracks  
  21  2:04  Marine  
  21  2:07  Engineering Bay  
  21  2:08  SCV  
  23  2:22  Marine  
  24  2:34  SCV  
  25  2:40  Marine  
  26  2:44  Factory  
  26  2:46  SCV  
  27  2:58  Marine  
  28  3:13  Barracks Tech Lab  
  28  3:36  Reaper  
  28  3:39  Marauder  
  31  4:08  Reaper  
  31  4:20  Factory Tech Lab  
  29  4:31  Marauder  
  30  5:01  Barracks Tech Lab  
  30  5:16  Terran Infantry Weapons Level 1  
  30  5:23  Command Center  
  30  5:25  Combat Shield  
  30  5:27  Stimpack  
  30  5:49  Missile Turret  
  30  6:01  Orbital Command  
  30  6:14  Missile Turret  
  30  6:18  Marine  
  31  6:23  Infernal Pre-Igniter  
  31  6:35  Missile Turret  
  31  6:36  Marine, SCV  
  31  6:38  Refinery  
  33  6:44  Concussive Shells  
  33  6:45  Planetary Fortress  
  33  6:48  SCV  
  33  6:53  Marine  
  35  6:59  Missile Turret  
  35  7:11  Terran Infantry Armor Level 1  
  35  7:12  Armory  
  35  7:18  Siege Tank  
  35  7:21  Marine  
  39  7:39  Marine  
  39  7:40  Refinery  
  39  7:42  Mag-Field Accelerator  
  40  7:57  Marine  
  36  8:04  Starport  
  36  8:12  SCV  
  37  8:14  Marine  
  37  8:18  Terran Vehicle Weapons Level 1  
  38  8:24  SCV  
  39  8:32  Supply Depot, Marine  
  40  8:36  SCV  
  41  8:42  Starport  
  41  8:48  SCV  
  42  8:55  Supply Depot  
  42  9:00  SCV  
  43  9:05  Neosteel Armor  
  38  9:18  Supply Depot  
  38  9:31  Medivac  
  38  9:33  Marine  
  38  9:35  Marine  
  42  9:39  Starport Tech Lab  
  42  9:42  Supply Depot  
  42  9:46  Fusion Core  
  42  9:50  Marine  
  43  9:53  Marine  
  43  9:55  SCV  
  45  10:02  Starport Tech Lab  
  45  10:07  SCV  
  45  10:08  Marine  
  45  10:11  Marine  
  45  10:13  Terran Vehicle And Ship Armor Level 1  
  48  10:19  SCV  
  49  10:26  Marine  
  50  10:29  Marine  
  50  10:31  Missile Turret  
  50  10:32  SCV  
  52  10:44  Marine, SCV  
  52  10:45  Hi-Sec Auto Tracking  
  52  10:46  Marine  
  55  10:51  Battlecruiser  
  61  10:59  Missile Turret  
  61  11:11  Battlecruiser  
  67  11:18  Missile Turret  
  67  11:36  Weapon Refit  
  67  11:37  Missile Turret  
  67  11:41  Command Center, Terran Infantry Weapons Level 2  
  58  12:06  Missile Turret  
  58  12:07  Terran Ship Weapons Level 1  
  43  12:38  Marine, Missile Turret  
  43  12:40  Marine  
  43  12:44  Thor  
  45  12:47  Battlecruiser  
  57  12:56  Marine  
  57  12:58  Marine  
  53  13:13  Marine  
  53  13:16  Marine  
  53  13:31  Marine  
  53  13:34  Marine  
  55  13:46  Battlecruiser  
  61  13:49  Marine  
  61  13:51  Marine  
  61  13:57  Terran Infantry Armor Level 2  
  61  14:00  Refinery  
  61  14:01  Terran Vehicle Weapons Level 2  
  59  14:07  Marine  
  59  14:09  Marine  
  53  14:25  Marine  
  53  14:27  Marine  
  49  14:42  Marine  
  49  14:45  Marine  
  51  14:52  Missile Turret  
  46  15:13  Missile Turret  
  39  15:21  Marine  
  39  15:24  Marine  
  39  15:35  Missile Turret  
  39  15:39  Marine  
  39  15:42  Marine  
  39  15:44  Battlecruiser  
  39  15:46  Battlecruiser  
  41  15:52  Planetary Fortress  
  41  15:57  Marine  
  41  16:00  Marine  
  42  16:15  Marine  
  42  16:18  Marine  
  44  16:33  Marine  
  44  16:35  Marine, Refinery  
  46  16:48  Battlecruiser  
  52  17:01  Missile Turret  
  52  17:21  Missile Turret  
  46  17:42  Missile Turret  
  29  18:04  Missile Turret  
  2  18:31  Refinery  
Tags
 
Add a new tag
Caveats
  • Supply blocks, unpowered buildings, or Contaminate may cause inaccurate times.
  • Supply counts are checked every 10 seconds.